 Dungeon Crawl Stone Soup version 0.30-a0-169-g06f667207d (webtiles) character file.

Game seed: 12708153166715140879

24 Decritt the Magician (level 3, -21/28 HPs)
             Began as a Djinni Conjurer on Sept 30, 2022.
             Demolished by an ogre
             ... wielding a +0 giant spiked club
              (32 damage)
             ... on level 1 of the Dungeon.
             The game lasted 00:01:28 (1264 turns).

Decritt the Magician (Djinni Conjurer)              Turns: 1264, Time: 00:01:28

Health: -21/28     AC:  2    Str:  6    XL:     3   Next: 15%
Gold:   36         EV: 12    Int: 21    God:
                   SH:  0    Dex: 11

rFire   + + .      SeeInvis .    (no weapon)
rCold   x . .      Faith    .    (no shield)
rNeg    . . .      Spirit   .    a - +0 robe
rPois   ∞          Reflect  .    (no helmet)
rElec   .          Harm     .    (no cloak)
rCorr   .          Rampage  .    (no gloves)
Will    .....                    (boots unavailable)
Stlth   ++........               (no amulet)
HPRegen 0.09/turn                (no ring)
MPRegen 0.00/turn                (no ring)

@: flying
A: sickness immunity, fire resistance 2, cold vulnerability 1, float, innate
caster, HP casting, extra vitality 1
a: no special abilities


You were on level 1 of the Dungeon.
You visited 1 branch of the dungeon, and saw 2 of its levels.

You collected 36 gold pieces.

Inventory:

Armour
 a - a +0 robe (worn)
Scrolls
 c - a scroll of enchant weapon {unknown}
 e - a scroll of noise {unknown}
Potions
 b - a potion of brilliance {unknown}
 d - a potion of resistance {unknown}
 f - 2 potions of flight {unknown}
 g - a potion of mutation {unknown}
 h - a potion of attraction {unknown}
 i - a potion of curing {unknown}


   Skills:
 * Level 2.0 Fighting
 - Level 2.1 Dodging
 - Level 1.5 Stealth
 + Level 3.5 Spellcasting


You couldn't memorise any spells.
You knew the following spells:

 Your Spells              Type           Power      Damage    Failure   Level
a - Magic Dart            Conj           72%        1d6       3%          1
b - Searing Ray           Conj           36%        2d5       4%          2
c - Dazzling Flash        Conj/Hex       36%        N/A       9%          3
d - Fulminant Prism       Conj/Hex       9%         3d7       30%         4
e - Iskenderun's Mystic   Conj/Tloc      18%        2d6       30%         4
f - Apportation           Tloc           36%        N/A       3%          1
Your spell library was empty.

Dungeon Overview and Level Annotations

Branches:
Dungeon (2/15)

Altars:


Innate Abilities, Weirdness & Mutations

You are immune to sickness and miasma.
You are immune to poison.
Your flesh is very heat resistant. (rF++)
You are vulnerable to cold. (rC-)
You float through the air rather than walking.
You learn spells naturally, not from books.
Your magical power is your life essence.
You have superior vitality. (+4 MHP)


Message History

Confirm with . or Enter, or press ? or * to list all spells.
Aiming: Magic Dart (safe; 3% risk of failure)
Press: ? - help, Shift-Dir - straight line, f/p - ogre
Aim: an ogre, wielding a +0 giant spiked club (lightly wounded, 100% to hit)
The magic dart hits the ogre.
The ogre is moderately wounded.
A frilled lizard comes into view.
Casting: Magic Dart (safe; 3% risk of failure)
Confirm with . or Enter, or press ? or * to list all spells.
Aiming: Magic Dart (safe; 3% risk of failure)
Press: ? - help, Shift-Dir - straight line, f/p - ogre
Aim: an ogre, wielding a +0 giant spiked club (moderately wounded, 100% to hit)
The magic dart hits the ogre.
The ogre is moderately wounded.
The frilled lizard hisses angrily.
Casting: Magic Dart (safe; 3% risk of failure)
Confirm with . or Enter, or press ? or * to list all spells.
Aiming: Magic Dart (safe; 3% risk of failure)
Press: ? - help, Shift-Dir - straight line, f/p - ogre
Aim: an ogre, wielding a +0 giant spiked club (moderately wounded, 100% to hit)
The magic dart hits the ogre.
The ogre is heavily wounded.
The ogre hits you with a +0 giant spiked club!
* * * LOW HITPOINT WARNING * * *
Casting: Magic Dart (safe; 3% risk of failure)
Confirm with . or Enter, or press ? or * to list all spells.
Aiming: Magic Dart (safe; 3% risk of failure)
Press: ? - help, Shift-Dir - straight line, f/p - ogre
Aim: an ogre, wielding a +0 giant spiked club (heavily wounded, 100% to hit)
The magic dart hits the ogre.
The ogre is severely wounded.
* * * LOW HITPOINT WARNING * * *
The ogre misses you.
You fly upwards.
Your magical contamination has completely faded away.
There is a stone staircase leading down here.
The ogre attacks as you move away!
The ogre hits you with a +0 giant spiked club!!
Ouch! That really hurt!
You die...

..##.♣.##..............#.#.##.##.
.:.#♣#♣#......##..........#...##.
...#####.####.##..##.....#.#####.
...##.##.# #............#.### #.
#.....##.####......#.........# #.
...#.###...................#.# #.
.#.#....#####......#.....###.# #.
#..####.# #......#.#.### #.# #.
##......# #..O@....#.# #.# #.
#..###..#####.##.......# #.# #.
.#............##.##..### #.# #.
######...........##..# #.# #.
#.######.#####..# #.# ## #.#
#.#####..# ####.## #
#.######........# #.....###
#........######)# #........
########## #.####........


You could see an ogre.

Vanquished Creatures
  A dart slug (D:1)
  3 ball pythons (D:1)
  A bat (D:1)
  3 endoplasms (D:1)
  3 goblins
  3 quokkas (D:1)
  2 frilled lizards (D:1)
  A kobold (D:1)
  3 rats (D:1)
20 creatures vanquished.

Notes
Turn   | Place    | Note
-------+----------+-------------------------------------------
     0 | D:1      | Decritt the Djinni Conjurer began the quest for the Orb.
     0 | D:1      | Decritt set off with the following spells memorised: Magic
                  | Dart, Searing Ray, Dazzling Flash, Fulminant Prism,
                  | Iskenderun's Mystic Blast.
     0 | D:1      | Reached XP level 1. HP: 15/15 MP: 0/0
   285 | D:1      | Reached skill level 1 in Fighting
   339 | D:1      | Reached XP level 2. HP: 20/22 MP: 0/0
   783 | D:1      | Found a faded altar of an unknown god.
   788 | D:1      | Reached XP level 3. HP: 25/28 MP: 0/0
   788 | D:1      | Learned a level 1 spell: Apportation
  1253 | D:2      | Noticed an ogre
  1264 | D:1      | Demolished by an ogre

Illustrated notes

Levels and vault maps discovered:
D:1:      tarquinn_simple_flora_water_d, layout_loops_ring,
          hellmonk_ecumenical_altar_arch_garden
D:2:      layout_basic, serial_shops, nicolae_square_shop

Skill      XL: |  1  2  3 |
---------------+----------+-----
Fighting       | 1 2 |  2.0
Dodging        | |  2.1
Stealth        | |  1.5
Spellcasting   | |  3.5

Action                   || total
-------------------------++-------
Melee: Unarmed           ||     3
 Cast: Magic Dart        ||    39
Dodge: Dodged            ||     6

Table legend: (Time is in decaauts)
 A = Elapsed time spent in this place.
 B = Non-inter-level travel time spent in this place.
 C = Inter-level travel time spent in this place.
 D = Time resting spent in this place.
 E = Time spent auto-exploring this place.
 F = Levels seen in this place.
 G = Mean time per level.
                   A        B        C        D        E       F      G
               +--------+--------+--------+--------+--------+-----+--------+
         Total |   1264 |   1232 |     32 |    191 |    950 |   2 |  632.0 |
       Dungeon |   1264 |   1232 |     32 |    191 |    950 |   2 |  632.0 |
               +--------+--------+--------+--------+--------+-----+--------+

Top non-repeatable levels by time:
     D:1: 1255 daAuts
     D:2: 8 daAuts
